 Dungeon Crawl Stone Soup version 0.27.1-1-g398f81649c (webtiles) character file.

Game seed: 1582608719692589401

47 Devinter the Slasher (level 3, 0/32 HPs)
             Began as a Naga Warper on Sept 10, 2021.
             Slain by a kobold (2 damage)
             ... on level 2 of the Dungeon.
             The game lasted 00:15:35 (1997 turns).

Devinter the Slasher (Naga Warper)                  Turns: 1997, Time: 00:15:35

Health: 0/32       AC:  2    Str: 13    XL:     3   Next: 70%
Magic:  0/6        EV:  9    Int: 13    God:
Gold:   50         SH:  0    Dex: 11    Spells: 3/6 levels left

rFire    . . .     SeeInvis +   a - +0 falchion
rCold    . . .     Faith    .   (no shield)
rNeg     . . .     Spirit   .   b - +0 leather armour
rPois    +         Reflect  .   (no helmet)
rElec    .         Harm     .   (no cloak)
rCorr    .         Rampage  .   (no gloves)
Will     .....                  (no barding)
Stlth    +.........             (no amulet)
HPRegen  0.10/turn              (no ring)
MPRegen  0.10/turn              (no ring)

@: lethally poisoned (0 -> -3), very slightly contaminated, very slow
A: AC +1, large, see invisible, deformed body, poison resistance, slowness 2,
spit poison 1, naga tail 1, noise suppression
a: Spit Poison


You were on level 2 of the Dungeon.
You visited 1 branch of the dungeon, and saw 2 of its levels.

You collected 50 gold pieces.

Inventory:

Hand Weapons
 a - a +0 falchion (weapon)
 h - a +0 mace of pain
Missiles
 d - 5 boomerangs of dispersal (quivered)
 e - 34 arrows
 o - 18 poisoned darts
Armour
 b - a +0 leather armour (worn)
Scrolls
 c - 3 scrolls of blinking
 i - a scroll of identify {unknown}
 j - a scroll of noise {unknown}
 k - a scroll of teleportation {unknown}
 m - a scroll of enchant weapon {unknown}
 n - a scroll of torment {unknown}
Potions
 f - a potion of mutation
 g - 2 potions of heal wounds {unknown}
 l - a potion of resistance {unknown}


   Skills:
 - Level 2.0 Fighting
 * Level 3.1 Long Blades
 - Level 1.0 Throwing
 - Level 1.0 Armour
 - Level 2.0 Dodging
 - Level 2.0 Spellcasting
 + Level 1.0 Necromancy
 - Level 3.0 Translocations


You had 3 spell levels left.
You knew the following spells:

 Your Spells              Type           Power      Damage    Failure   Level
a - Blink                 Tloc           N/A        N/A       14%         2
b - Pain                  Necr           16%        1d4       22%         1

Your spell library contained the following spells:

 Spells                   Type           Power      Damage    Failure   Level
 Gell's Gravitas          Tloc           4%         N/A       28%         3
 Lesser Beckoning         Tloc           4%         N/A       28%         3
 Teleport Other           Tloc           9%         N/A       28%         3
 Manifold Assault         Tloc           9%         N/A       95%         5
 Agony                    Necr           4%         N/A       99%         5
 Excruciating Wounds      Necr           2%         N/A       99%         5


Dungeon Overview and Level Annotations

Branches:
Dungeon (2/15)

Altars:
Nemelex Xobeh

Shops:
D:1 *   D:2 (


Innate Abilities, Weirdness & Mutations

Your serpentine skin is tough. (AC +1)
You have supernaturally acute eyesight. (SInv)
Armour fits poorly on your strangely shaped body.
Your system is resistant to poisons. (rPois)
You cover ground very slowly.
You can spit poison.
You have a snake-like lower body.
You passively dampen the noise of your surroundings.


Message History

Casting: Pain (safe; 22% risk of failure)
Confirm with . or Enter, or press ? or * to list all spells.
Aiming: Pain (safe; 22% risk of failure)
Press: ? - help, Shift-Dir - straight line, f/p - kobold
Aim: a kobold, wielding a +0 dagger (chance to affect: 62%)
You miscast Pain.
You are very lightly contaminated with residual magic.
Nothing appears to happen.
You have got your breath back.
The adder barely misses you. The adder bites you.
Press: ? - help, Shift-Dir - straight line, f/p - kobold
Aim: a kobold, wielding a +0 dagger The splash of poison hits the adder.
The adder is poisoned.
The adder is heavily wounded.
The adder bites you.
Unknown command.
Okay, then.
You closely miss the adder.
The adder is heavily wounded.
The adder bites you.
You are poisoned.
The adder poisons you! The adder bites you.
* * * LOW HITPOINT WARNING * * *
Okay, then.
Casting: Pain (safe; 22% risk of failure)
Confirm with . or Enter, or press ? or * to list all spells.
You blink.
* * * LOW MAGIC WARNING * * *
You feel sick.
The quokka twitches its whiskers.
The quokka barely misses you. The kobold hits you with a +0 dagger.
* * * LOW HITPOINT WARNING * * *
The quokka bites you.
* * * LOW HITPOINT WARNING * * *
It was a potion of mutation.
You feel extremely strange.
You feel your surroundings grow quieter.
You have got your breath back.
* * * LOW HITPOINT WARNING * * *
You feel sick. The kobold hits you with a +0 dagger.
You die...

### #########.#
#.........# ##
#.#######.##.#
#.#######@#..#
########.#...§SrK...#
.........#.#####[##.####
.###.......# #........
.# ##.###### #...K...##
.# #.# +........# .# #.#
#........# .####.####.##
#.....)..# .............
.....>.#..


You could see an adder (poisoned), a quokka and a kobold.

Vanquished Creatures
  A gnoll (D:1)
  An adder (D:2)
  2 dart slugs
  3 endoplasms
  2 giant cockroaches (D:1)
  2 hobgoblins
  A kobold (D:2)
  A quokka (D:2)
  7 ball pythons
  A frilled lizard (D:1)
  A goblin (D:1)
  4 rats (D:1)
26 creatures vanquished.

Notes
Turn   | Place    | Note
-------+----------+-------------------------------------------
     0 | D:1      | Devinter the Naga Warper began the quest for the Orb.
     0 | D:1      | Reached XP level 1. HP: 19/19 MP: 3/3
    60 | D:1      | Reached skill level 1 in Throwing
    86 | D:1      | Reached skill level 1 in Armour
   132 | D:1      | Reached skill level 2 in Dodging
   132 | D:1      | Reached XP level 2. HP: 10/26 MP: 5/5
   349 | D:1      | Learned a level 2 spell: Blink
   351 | D:1      | Learned a level 1 spell: Pain
   357 | D:1      | Found a faded altar of an unknown god.
   767 | D:1      | Reached XP level 3. HP: 26/32 MP: 4/6
  1063 | D:2      | Found Nuwed's Weapon Shoppe.
  1082 | D:2      | Found a sparkling altar of Nemelex Xobeh.
  1330 | D:2      | Reached skill level 3 in Long Blades
  1862 | D:2      | Reached skill level 1 in Necromancy
  1996 | D:2      | HP: 3/32 [quokka (3)]
  1997 | D:2      | Gained mutation: You passively dampen the noise of your
                  | surroundings. [potion of mutation]
  1997 | D:2      | Slain by a kobold

Illustrated notes

Levels and vault maps discovered:
D:1:      onia_arrival_handbag, layout_loops_ring, serial_shops, shop,
          dreamdust_ecumenical_altar_angels_and_demons, minmay_fountain_box
D:2:      layout_basic, serial_shops, shop, basic_altar

Skill      XL: |  1  2  3 |
---------------+----------+-----
Throwing       | 1 |  1.0
Armour         | 1 |  1.0
Dodging        | 2 |  2.0
Long Blades    | 3 |  3.1
Necromancy     | 1 |  1.0
Fighting       | |  2.0
Spellcasting   | |  2.0
Translocations | |  3.0

Action                   || total
-------------------------++-------
Melee: Falchion          ||    63
 Cast: Pain              ||    20
       Blink             ||     1
 Abil: Spit Poison       ||     9
  Use: Potion            ||     1
Armor: Leather armour    ||    12
Dodge: Dodged            ||    38
       Rpst.: Falchion   ||    12
